 Dungeon Crawl Stone Soup version 0.23.1-37-gaa34b87 (console) character file.

Game seed: 12185625166784213988

1001 fly the Charlatan (level 8, -5/78 HPs)
             Began as an Ogre Monk on Mar 23, 2019.
             Was a Priest of Okawaru.
             Slain by a gnoll
             ... wielding a +0 spear
              (7 damage)
             ... while paralysed
             ... on level 5 of the Dungeon.
             The game lasted 00:09:55 (6700 turns).

fly the Charlatan (Ogre Monk)                       Turns: 6700, Time: 00:09:56

Health: -5/78      AC:  3    Str: 16    XL:     8   Next: 20%
Magic:  12/12      EV:  1    Int: 11    God:    Okawaru [***...]
Gold:   239        SH:  0    Dex: 13    Spells: 7/7 levels left

rFire    . . .     SeeInvis .   a - +0 falchion
rCold    . . .     Gourm    .   (no shield)
rNeg     . . .     Faith    .   y - +0 robe
rPois    .         Spirit   .   (helmet restricted)
rElec    .         Reflect  .   (no cloak)
rCorr    +         Harm     .   (gloves unavailable)
MR       .....                  (boots unavailable)
Stlth    +++.......             k - amulet of rage
HPRegen  0.23/turn              o - ring of stealth
MPRegen  0.13/turn              q - ring of resist corrosion

@: paralysed, berserk cooldown, slowed
A: large, unfitting armour, tough skin 1
a: Heroism, Renounce Religion, Evoke Berserk Rage


You were on level 5 of the Dungeon.
You worshipped Okawaru.
Okawaru was most pleased with you.
You were hungry.

You visited 1 branch of the dungeon, and saw 5 of its levels.

You collected 239 gold pieces.

Inventory:

Hand Weapons
 a - a +0 falchion (weapon)
Armour
 y - a +0 robe (worn)
Magical Staves
 m - an uncursed staff of fire
Jewellery
 d - a +4 ring of intelligence
 k - an amulet of rage (around neck)
 o - a ring of stealth (left hand)
 q - a ring of resist corrosion (right hand)
Scrolls
 f - a scroll of immolation
 h - a scroll of blinking {unknown}
 l - 3 scrolls of enchant armour {unknown}
 p - a scroll of enchant weapon {unknown}
 r - 4 scrolls of remove curse
 s - a scroll of amnesia {unknown}
Potions
 b - a potion of magic
 e - 2 potions of heal wounds
 g - a potion of might {unknown}
 i - a potion of haste
 j - 2 potions of brilliance
 n - 2 potions of curing
Comestibles
 c - 15 rations


   Skills:
 - Level 4.0 Fighting
 + Level 4.5 Long Blades
 + Level 4.5 Dodging
 - Level 1.4 Stealth
 - Level 6.0 Evocations


You had 7 spell levels left.
You didn't know any spells.
Your spell library was empty.

Dungeon Overview and Level Annotations

Branches:
Dungeon (5/15)
 Temple: D:4-7

Altars:
Okawaru
Uskayaw
Vehumet
Xom
Zin

Shops:
D:5 }

Annotations:
D:4 2 transporters, fly's ghost, novice OpFE


Innate Abilities, Weirdness & Mutations

You are too large for most types of armour.
You have tough skin. (AC +1)


Message History

The bullfrog zombie is severely damaged.
You are no longer berserk.
You pass out from exhaustion.
You feel yourself slow down.
The bullfrog zombie hits you but does no damage.
The gnoll hits you from afar with a +0 spear.
The bullfrog zombie hits you.
The gnoll hits you from afar with a +0 spear!
The bullfrog zombie hits you.
The gnoll hits you from afar with a +0 spear.
The bullfrog zombie hits you.
* * * LOW HITPOINT WARNING * * *
The gnoll hits you from afar with a +0 spear!
* * * LOW HITPOINT WARNING * * *
The bullfrog zombie hits you.
* * * LOW HITPOINT WARNING * * *
The bullfrog zombie hits you.
* * * LOW HITPOINT WARNING * * *
The gnoll hits you from afar with a +0 spear!
You die...

...... .......##
...... >........
...... ##.. #......#
...... #.......
#......# ......
#....... #......#
......
#......####.g..!.#
..####
##......##..Z)....##
###...
......?.##.#@.......
#...
∩....?.......†##....
#...
........#(#.#.......
#...
...................
#...
.....##.#.#.#......#
#... ....
#............# #...
. #.#.#.#......#
#... #.......##...#
#### #..............
#


You could see a gnoll and a bullfrog zombie.

Vanquished Creatures
  A sky beast (D:3)
  A phantom (D:4)
  An ice beast (D:5)
  An ogre (D:4)
  A centaur (D:5)
  2 scorpions
  2 bullfrog zombies (D:5)
  An orc priest (D:3)
  A gnoll shaman (D:5)
  2 orc wizards
  2 worker ants (D:4)
  A worker ant zombie (D:5)
  9 adders
  3 gnolls (D:5)
  A shadow imp (D:5)
  An ooze (D:1)
  2 adder skeletons
  5 worms
  2 dart slugs
  3 leopard geckos
  6 orcs
  A ball python (D:4)
  3 giant cockroaches
  8 goblins
  4 hobgoblins
  8 jackals
  5 kobolds
  A quokka (D:2)
  6 bats
  6 frilled lizards
  6 rats
96 creatures vanquished.

Vanquished Creatures (others)
  A rat (D:2)
1 creature vanquished.

Grand Total: 97 creatures vanquished

Notes
Turn   | Place    | Note
-------+----------+-------------------------------------------
     0 | D:1      | fly the Ogre Monk began the quest for the Orb.
     0 | D:1      | Reached XP level 1. HP: 24/24 MP: 1/1
   205 | D:1      | Reached XP level 2. HP: 28/32 MP: 2/2
   546 | D:1      | Reached XP level 3. HP: 20/39 MP: 3/3
  1511 | D:2      | Found a radiant altar of Vehumet.
  1575 | D:2      | Reached XP level 4. HP: 37/48 MP: 4/4
  1614 | D:2      | Reached skill level 1 in Evocations
  2407 | D:3      | Noticed a sky beast
  2420 | D:3      | Killed a sky beast
  2420 | D:3      | Reached skill level 3 in Evocations
  2420 | D:3      | Reached XP level 5. HP: 20/54 MP: 5/7
  2750 | D:3      | Found an iron altar of Okawaru.
  2764 | D:3      | Reached XP level 6. HP: 62/62 MP: 8/8
  2818 | D:3      | Became a worshipper of Warmaster Okawaru
  2818 | D:3      | Reached * piety under Okawaru
  2818 | D:3      | Reached ** piety under Okawaru
  3584 | D:3      | Reached skill level 4 in Evocations
  3852 | D:4      | Noticed a phantom
  4195 | D:4      | Found a transporter.
  4201 | D:4      | Noticed a hippogriff
  4261 | D:4      | Found a shimmering altar of Xom.
  4261 | D:4      | Noticed an angel
  4262 | D:4      | Found a glowing silver altar of Zin.
  4379 | D:4      | Reached XP level 7. HP: 64/70 MP: 10/10
  4526 | D:4      | Reached skill level 5 in Evocations
  4757 | D:4      | Noticed fly's ghost (novice OpFE)
  4788 | D:4      | Found a hide-covered altar of Uskayaw.
  5390 | D:4      | Found a transporter.
  5566 | D:5      | Entered Level 5 of the Dungeon
  5598 | D:5      | Reached skill level 6 in Evocations
  6261 | D:5      | Reached XP level 8. HP: 75/78 MP: 12/12
  6262 | D:5      | Reached *** piety under Okawaru
  6673 | D:5      | Found Yvyod's Gadget Emporium.
  6700 | D:5      | HP: 2/78 [bullfrog zombie (4)]
  6700 | D:5      | Slain by a gnoll

Skill      XL: |  1  2  3  4  5  6  7 |
---------------+----------------------+-----
Long Blades    | 3 4 |  4.5
Dodging        | 3 4 |  4.5
Evocations     | 3 4 6 |  6.0
Fighting       | |  4.0
Stealth        | |  1.4

Action                   |  1- 3 |  4- 6 |  7- 9 || total
-------------------------+-------+-------+-------++-------
Melee: Falchion          |   113 |   190 |   138 ||   441
Invok: Heroism           |       |     1 |     1 ||     2
 Abil: Evoke Berserk Rag |     1 |     8 |     6 ||    15
  Use: Scroll            |     5 |     6 |     1 ||    12
       Potion            |       |     1 |     1 ||     2
 Stab: Sleeping          |     4 |     5 |     2 ||    11
  Eat: Chunk             |     3 |    12 |    10 ||    25
       Ration            |       |     1 |     1 ||     2
Armor: Robe              |    35 |    50 |    23 ||   108
Dodge: Dodged            |    66 |   108 |    83 ||   257
       Rpst.: Falchion   |    16 |    28 |    28 ||    72
